 Dungeon Crawl Stone Soup version 0.29.1-12-g30fa7ad0bf (webtiles) character file.

Game seed: 12838080192702857742

104 wormed the Shooter (level 4, -2/23 HPs)
             Began as a Spriggan Hunter on Dec 29, 2022.
             Slain by Grinder (3 damage)
             ... on level 3 of the Dungeon.
             The game lasted 00:04:53 (2498 turns).

wormed the Shooter (Spriggan Hunter)                Turns: 2498, Time: 00:04:54

Health: -2/23      AC:  2    Str:  7    XL:     4   Next: 52%
Magic:  5/5        EV: 23    Int: 10    God:
Gold:   178        SH:  0    Dex: 20    Spells: 3/3 levels left

rFire   . . .      SeeInvis +   a - +0 shortbow
rCold   . . .      Faith    .   (shield currently unavailable)
rNeg    + . .      Spirit   .   c - +0 robe
rPois   .          Reflect  .   (helmet restricted)
rElec   .          Harm     .   (no cloak)
rCorr   .          Rampage  .   (gloves unavailable)
Will    .....                   (boots unavailable)
Stlth   +++.......              (no amulet)
HPRegen 0.07/turn               l - ring of positive energy
MPRegen 0.09/turn               p - +4 ring of evasion

@: very quick
A: very small, no large weapons, unfitting armour, see invisible, speed 3
a: no special abilities


You were on level 3 of the Dungeon.
You visited 1 branch of the dungeon, and saw 3 of its levels.

You collected 178 gold pieces.

Inventory:

Hand Weapons
 a - a +0 shortbow (weapon)
Armour
 c - a +0 robe (worn)
Jewellery
 l - a ring of positive energy (left hand)
 p - a +4 ring of evasion (right hand)
 r - a ring of willpower
Wands
 o - a wand of roots (13)
Scrolls
 b - 2 scrolls of immolation
 d - 4 scrolls of magic mapping {unknown}
 e - 4 scrolls of identify {unknown}
 f - 2 scrolls of teleportation {unknown}
 i - 2 scrolls of amnesia {unknown}
 k - 2 scrolls of brand weapon {unknown}
 m - a scroll of noise {unknown}
 n - 2 scrolls of poison {unknown}
 s - a scroll of silence {unknown}
Potions
 g - 2 potions of lignification {unknown}
 h - a potion of might {unknown}
 j - 4 potions of flight {unknown}
 q - a potion of degeneration {unknown}


   Skills:
 + Level 2.2 Fighting
 * Level 4.9 Ranged Weapons
 + Level 3.6 Dodging
 + Level 3.3 Stealth


You had 3 spell levels left.
You didn't know any spells.
Your spell library was empty.

Dungeon Overview and Level Annotations

Branches:
Dungeon (3/15)

Altars:
Kikubaaqudgha

Annotations:
D:3 Grinder


Innate Abilities, Weirdness & Mutations

You are very small and have problems with some larger weapons.
You are too small for most types of armour.
You have supernaturally acute eyesight. (SInv)
You cover ground extremely quickly. (Speed+++)


Message History

Press: ? - help, Q - select action, (/) - cycle Shift-Dir - straight line, f/p - Grinder
Aim: Grinder (heavily wounded, 62% to hit)
You shoot an arrow. The arrow barely misses Grinder.
Grinder hits you.
You writhe in agony.
Fire: a) +0 shortbow
Press: ? - help, Q - select action, (/) - cycle Shift-Dir - straight line, f/p - Grinder
Aim: Grinder (heavily wounded, 62% to hit)
You shoot an arrow. The arrow closely misses Grinder.
Grinder closely misses you. Grinder misses you.
Fire: a) +0 shortbow
Press: ? - help, Q - select action, (/) - cycle Shift-Dir - straight line, f/p - Grinder
Aim: Grinder (heavily wounded, 62% to hit)
You shoot an arrow. The arrow barely misses Grinder.
Grinder misses you.
Fire: a) +0 shortbow
Press: ? - help, Q - select action, (/) - cycle Shift-Dir - straight line, f/p - Grinder
Aim: Grinder (heavily wounded, 62% to hit)
You shoot an arrow. The arrow closely misses Grinder.
Grinder misses you.
Fire: a) +0 shortbow
Press: ? - help, Q - select action, (/) - cycle Shift-Dir - straight line, f/p - Grinder
Aim: Grinder (heavily wounded, 62% to hit)
You shoot an arrow.
The arrow hits Grinder but does no damage.
Grinder is heavily wounded.
Grinder barely misses you. Grinder completely misses you.
Fire: a) +0 shortbow
Press: ? - help, Q - select action, (/) - cycle Shift-Dir - straight line, f/p - Grinder
Aim: Grinder (heavily wounded, 62% to hit)
You shoot an arrow. The arrow closely misses Grinder.
Grinder closely misses you.
Fire: a) +0 shortbow
Press: ? - help, Q - select action, (/) - cycle Shift-Dir - straight line, f/p - Grinder
Aim: Grinder (heavily wounded, 62% to hit)
You shoot an arrow. The arrow hits Grinder.
Grinder is heavily wounded.
Grinder hits you!
* * * LOW HITPOINT WARNING * * *
You writhe in agony.
You die...

##P....#..8P.♣.♣ #♣♣.........♣...
######### #..♣..P....♣.♣♣ ♣####
#.......###..♣.......♣..♣ ....#
###.####...##♣.♣♣..♣(.♣♣♣♣♣♣P##.#
.>...##.###.#.♣...♣..P.P..♣.♣ #..
###.....# #..#♣....P♣.....§♣♣##..
#...#.###..#.♣5♣..P..♣♣♣♣§§##..
##.......)....P@.♣..♣♣..♣♣♣§##..
#....#.........♣♣♣♣♣..P♣♣♣P♣§...
#.#.#########....♣...♣..P♣..###.
##.#.# #♣P...♣.♣P♣♣♣.♣.###.
.....# #♣...♣♣♣♣♣♣P♣♣♣♣..##.
##.##### #.♣♣.†....♣♣♣♣.....#.
.......# #♣.♣♣♣.♣.♣♣ ♣♣♣..###
#...##.# ##..♣♣...♣.♣ ♣#.#
.......# ##..♣♣♣♣♣..♣♣ ♣♣##.#


You could see Grinder.

Vanquished Creatures
  2 gnolls (D:3)
  2 adders (D:2)
  3 dart slugs
  8 ball pythons
  3 endoplasms
  2 giant cockroaches
  5 goblins
  5 hobgoblins
  4 jackals (D:2)
  4 quokkas
  8 bats
  7 kobolds
  3 rats
56 creatures vanquished.

Vanquished Creatures (others)
  45 plants (D:3)
45 creatures vanquished.

Grand Total: 101 creatures vanquished

Notes
Turn   | Place    | Note
-------+----------+-------------------------------------------
     0 | D:1      | wormed the Spriggan Hunter began the quest for the Orb.
     0 | D:1      | Reached XP level 1. HP: 10/10 MP: 2/2
    63 | D:1      | Reached XP level 2. HP: 15/15 MP: 3/3
   706 | D:2      | Reached XP level 3. HP: 18/18 MP: 4/4
  1402 | D:2      | Reached XP level 4. HP: 23/23 MP: 5/5
  1671 | D:3      | Found an ancient bone altar of Kikubaaqudgha.
  1674 | D:3      | Noticed Grinder
  1676 | D:3      | Noticed a black bear
  2375 | D:3      | Found a faded altar of an unknown god.
  2483 | D:3      | Paralysed by Grinder for 3 turns
  2498 | D:3      | HP: 1/23 [Grinder (9)]
  2498 | D:3      | Slain by Grinder

Illustrated notes

Levels and vault maps discovered:
D:1:      dpeg_arrival_radiant, layout_basic
D:2:      layout_loops_corners
D:3:      wad_woods_stonehenge, layout_loops_corners,
          hellmonk_ecumenical_altar_zigzags, patterned_corridor, uniq_grinder

Skill      XL: |  1  2  3 |
---------------+----------+-----
Stealth        | 2 3 |  3.3
Dodging        | 3 |  3.6
Fighting       | 2 |  2.2
Ranged Weapons | |  4.9

Action                   |  1- 3 |  4- 6 || total
-------------------------+-------+-------++-------
 Fire: Shortbow          |   102 |    72 ||   174
Armor: Robe              |     8 |     1 ||     9
Dodge: Dodged            |    31 |    23 ||    54
